BLB
INDIANAPOLIS CLOWNS @ CAROLINA TOBS
09/01/2059
 
TOP OF THE 1ST
Indianapolis Clowns batting - Pitching for Carolina Tobs : RHP Charlie Spence
Pitching: RHP Charlie Spence
Batting: LHB Elias Owen 0-0: Called Strike
0-1: Ball
1-1: Foul Ball, location: 2F
1-2: Strikes out looking
Batting: RHB Tom Holderness 0-0: Called Strike
0-1: Ball
1-1: Called Strike
1-2: Foul Ball, location: 2F
1-2: Fly out, F8 (Line Drive, 8LM, EV 95.6 MPH)
Batting: LHB Grady Faulkner 0-0: Called Strike
0-1: Swinging Strike
0-2: Ball
1-2: Ball
2-2: Strikes out swinging
Top of the 1st over - 0 runs, 0 hits, 0 errors, 0 left on base; Indianapolis 0 - Carolina 0
BOTTOM OF THE 1ST
Carolina Tobs batting - Pitching for Indianapolis Clowns : RHP Troy Cooper
Pitching: RHP Troy Cooper
Batting: LHB Spencer DeSimone 0-0: Ball
1-0: Called Strike
1-1: SINGLE (Groundball, 4MD, EV 101.2 MPH)
Batting: LHB Clay Newhouse 0-0: Ball
1-0: Ball
Wild Pitch!
Spencer DeSimone to second
2-0: Ball
3-0: Base on Balls
Batting: LHB Trent West 0-0: Foul Ball, location: 2F
0-1: Foul Ball, location: 2F
0-2: Strikes out looking
Batting: LHB Kyle Siebert 0-0: Foul Ball, location: 2F
0-1: 3-RUN HOME RUN (Flyball, 9D, EV 95.6 MPH), Distance : 357 ft
Batting: RHB Marcus Fahr 0-0: Called Strike
0-1: Ball
1-1: Fly out, F7 (Line Drive, 78D, EV 95.6 MPH)
Now in LF: Elias Owen
Now in RF: Sean Barrett
Batting: RHB Rykeem Potts 0-0: Called Strike
0-1: Ball
1-1: Ball
2-1: Foul Ball, location: 2F
2-2: Ball
3-2: Strikes out swinging
Bottom of the 1st over - 3 runs, 2 hits, 0 errors, 0 left on base; Indianapolis 0 - Carolina 3
TOP OF THE 2ND
Indianapolis Clowns batting - Pitching for Carolina Tobs : RHP Charlie Spence
Batting: RHB Bryant Francis 0-0: Ball
1-0: Ball
2-0: Ball
3-0: Called Strike
3-1: Base on Balls
Batting: LHB Sean Hayward 0-0: Ball
1-0: Ball
2-0: SINGLE (Line Drive, 89S, EV 105.0 MPH)
Bryant Francis to second
Batting: RHB Jett Speer 0-0: Swinging Strike
0-1: Ball
1-1: Ball
2-1: Foul Ball, location: 2F
2-2: Foul Ball, location: 2F
2-2: Foul Ball, location: 2F
2-2: Foul Ball, location: 2F
2-2: Ball
Passed Ball!
Bryant Francis to third
Sean Hayward to second
3-2: Foul Ball, location: 2F
3-2: Strikes out looking
Batting: RHB Blaise McFarland 0-0: Ball
1-0: Foul Ball, location: 2F
1-1: Ball
2-1: Ball
3-1: Fly out, F9 (Flyball, 9LSF, EV 89.4 MPH)
Batting: RHB Centarius Lara 0-0: Called Strike
0-1: Foul Ball, location: 2F
0-2: Foul Ball, location: 2F
0-2: Foul Ball, location: 2F
0-2: Ball
1-2: Strikes out looking
Top of the 2nd over - 0 runs, 1 hit, 0 errors, 2 left on base; Indianapolis 0 - Carolina 3
BOTTOM OF THE 2ND
Carolina Tobs batting - Pitching for Indianapolis Clowns : RHP Troy Cooper
Batting: RHB Johnathan Shillito 0-0: Swinging Strike
0-1: Ball
1-1: Ball
2-1: Fly out, F8 (Flyball, 8RS, EV 76.9 MPH)
Batting: LHB L.G. Clia 0-0: Called Strike
0-1: Ball
1-1: Reached via error on a dropped throw from 2B, E3 (Groundball, 4M, EV 108.8 MPH)
Batting: SHB JaQawn Schiegl 0-0: Foul Ball, location: 2F
0-1: Ball
1-1: Foul Ball, location: 2F
1-2: Ball
2-2: Strikes out swinging
Batting: LHB Spencer DeSimone 0-0: Ball
1-0: Foul Ball, location: 2F
1-1: Ball
2-1: Swinging Strike
2-2: Strikes out swinging
Bottom of the 2nd over - 0 runs, 0 hits, 1 error, 1 left on base; Indianapolis 0 - Carolina 3
TOP OF THE 3RD
Indianapolis Clowns batting - Pitching for Carolina Tobs : RHP Charlie Spence
Batting: RHB Mick Ubaya 0-0: Called Strike
0-1: Foul Ball, location: 2F
0-2: Ground out 5-3 (Groundball, 56S, EV 80.0 MPH)
Batting: LHB Elias Owen 0-0: Ball
1-0: Ball
2-0: Called Strike
2-1: Ball
3-1: Foul Ball, location: 2F
3-2: Base on Balls
Batting: RHB Tom Holderness 0-0: Ball
1-0: Ball
Elias Owen steals 2nd base (no throw)
2-0: Fly out, F4 (Popup, 4, EV 78.8 MPH)
Batting: RHB Sean Barrett 0-0: Ball
1-0: Foul Ball, location: 2F
1-1: Fly out, F8 (Flyball, 8LXD, EV 108.1 MPH)
Top of the 3rd over - 0 runs, 0 hits, 0 errors, 1 left on base; Indianapolis 0 - Carolina 3
BOTTOM OF THE 3RD
Carolina Tobs batting - Pitching for Indianapolis Clowns : RHP Troy Cooper
Batting: LHB Clay Newhouse 0-0: Called Strike
0-1: Ball
1-1: Ground out 4-3 (Groundball, 34D, EV 98.8 MPH)
Batting: LHB Trent West 0-0: Ball
1-0: Foul Ball, location: 2F
1-1: Ball
2-1: Called Strike
2-2: Strikes out swinging
Batting: LHB Kyle Siebert 0-0: Swinging Strike
0-1: Foul Ball, location: 2F
0-2: Foul Ball, location: 2F
0-2: Strikes out swinging
Bottom of the 3rd over - 0 runs, 0 hits, 0 errors, 0 left on base; Indianapolis 0 - Carolina 3
TOP OF THE 4TH
Indianapolis Clowns batting - Pitching for Carolina Tobs : RHP Charlie Spence
Batting: RHB Bryant Francis 0-0: SOLO HOME RUN (Flyball, 78XD, EV 105.0 MPH), Distance : 398 ft
Batting: LHB Sean Hayward 0-0: Ball
1-0: Foul Ball, location: 2F
1-1: Called Strike
1-2: Strikes out looking
Batting: RHB Jett Speer 0-0: Ball
1-0: Called Strike
1-1: Foul Ball, location: 2F
1-2: Ball
2-2: Fly out, F8 (Flyball, 8LXD, EV 91.9 MPH)
Batting: RHB Blaise McFarland 0-0: Ball
1-0: Called Strike
1-1: Swinging Strike
1-2: Ball
2-2: Strikes out swinging
Top of the 4th over - 1 run, 1 hit, 0 errors, 0 left on base; Indianapolis 1 - Carolina 3
BOTTOM OF THE 4TH
Carolina Tobs batting - Pitching for Indianapolis Clowns : RHP Troy Cooper
Batting: RHB Marcus Fahr 0-0: Ball
1-0: Foul Ball, location: 2F
1-1: Ball
2-1: SINGLE (Flyball, 8LS, EV 97.5 MPH)
Batting: RHB Rykeem Potts 0-0: Ball
1-0: Foul Ball, location: 2F
1-1: Ball
2-1: DOUBLE (Line Drive, 8RXD, EV 101.2 MPH)
Marcus Fahr to third
Batting: RHB Johnathan Shillito 0-0: Swinging Strike
0-1: Ball
1-1: Called Strike
1-2: Strikes out swinging
Batting: LHB L.G. Clia 0-0: Ball
1-0: Called Strike
1-1: Foul Ball, location: 2F
1-2: Ball
2-2: Ground out 5-3 (Groundball, 5, EV 104.4 MPH)
Batting: SHB JaQawn Schiegl 0-0: Swinging Strike
0-1: Ball
1-1: Ball
2-1: Called Strike
2-2: Foul Ball, location: 2F
2-2: Foul Ball, location: 2F
2-2: Strikes out swinging
Bottom of the 4th over - 0 runs, 2 hits, 0 errors, 2 left on base; Indianapolis 1 - Carolina 3
TOP OF THE 5TH
Indianapolis Clowns batting - Pitching for Carolina Tobs : RHP Charlie Spence
Batting: RHB Centarius Lara 0-0: Ball
1-0: Called Strike
1-1: Swinging Strike
1-2: Strikes out swinging
Batting: RHB Mick Ubaya 0-0: Ball
1-0: Called Strike
1-1: Foul Ball, location: 2F
1-2: Ball
2-2: Ball
3-2: Foul Ball, location: 2F
3-2: Strikes out swinging
Batting: LHB Elias Owen 0-0: Ball
1-0: Ball
2-0: Swinging Strike
2-1: Foul Ball, location: 2F
2-2: Ground out 2-3 (Groundball, 15S, EV 67.5 MPH)
Top of the 5th over - 0 runs, 0 hits, 0 errors, 0 left on base; Indianapolis 1 - Carolina 3
BOTTOM OF THE 5TH
Carolina Tobs batting - Pitching for Indianapolis Clowns : RHP Troy Cooper
Batting: LHB Spencer DeSimone 0-0: Ball
1-0: Ground out 3-1 (Groundball, 34S, EV 80.6 MPH)
Batting: LHB Clay Newhouse 0-0: Called Strike
0-1: Ball
1-1: Swinging Strike
1-2: Ball
2-2: Strikes out swinging
Batting: LHB Trent West 0-0: Ball
1-0: Ball
2-0: Ball
3-0: Base on Balls
Batting: LHB Kyle Siebert 0-0: Called Strike
0-1: Ground out 4-3 (Groundball, 4, EV 85.6 MPH)
Bottom of the 5th over - 0 runs, 0 hits, 0 errors, 1 left on base; Indianapolis 1 - Carolina 3
TOP OF THE 6TH
Indianapolis Clowns batting - Pitching for Carolina Tobs : RHP Charlie Spence
Batting: RHB Tom Holderness 0-0: Fly out, F9 (Line Drive, 9, EV 97.5 MPH)
Batting: RHB Sean Barrett 0-0: Called Strike
0-1: Ball
1-1: Reached on error, E4 (Groundball, 4, EV 90.6 MPH)
Batting: RHB Bryant Francis 0-0: Called Strike
0-1: Ball
1-1: Ball
2-1: Called Strike
2-2: Foul Ball, location: 2F
2-2: Grounds into double play, 6-4-3 (Groundball, 6M, EV 92.5 MPH)
Top of the 6th over - 0 runs, 0 hits, 1 error, 0 left on base; Indianapolis 1 - Carolina 3
BOTTOM OF THE 6TH
Carolina Tobs batting - Pitching for Indianapolis Clowns : RHP Troy Cooper
Batting: RHB Marcus Fahr 0-0: Called Strike
0-1: Ball
1-1: Swinging Strike
1-2: Strikes out swinging
Batting: RHB Rykeem Potts 0-0: Ball
1-0: Ball
2-0: Called Strike
2-1: Foul Ball, location: 2F
2-2: Strikes out swinging
Batting: RHB Johnathan Shillito 0-0: SINGLE (Line Drive, 8RS, EV 91.9 MPH)
Pitching: RHP Garrick Tso
Batting: LHB L.G. Clia 0-0: Ball
1-0: Ball
2-0: Fielders Choice at 2nd, U6 (Groundball, 6M, EV 85.0 MPH)
Bottom of the 6th over - 0 runs, 1 hit, 0 errors, 1 left on base; Indianapolis 1 - Carolina 3
TOP OF THE 7TH
Indianapolis Clowns batting - Pitching for Carolina Tobs : RHP Charlie Spence
Batting: LHB Sean Hayward 0-0: Foul Ball, location: 2F
0-1: Called Strike
0-2: Ball
1-2: Ball
2-2: Ball
3-2: Strikes out looking
Batting: RHB Jett Speer 0-0: Called Strike
0-1: Ball
1-1: Ball
2-1: Called Strike
2-2: Ball
3-2: Fly out, F6 (Popup, 4MS, EV 80.6 MPH)
Batting: RHB Blaise McFarland 0-0: Foul Ball, location: 2F
0-1: Foul Ball, location: 2F
0-2: Strikes out looking
Top of the 7th over - 0 runs, 0 hits, 0 errors, 0 left on base; Indianapolis 1 - Carolina 3
BOTTOM OF THE 7TH
Carolina Tobs batting - Pitching for Indianapolis Clowns : RHP Garrick Tso
Pitching: RHP Kristofer Humberto
Batting: SHB JaQawn Schiegl 0-0: Called Strike
0-1: Ball
1-1: SINGLE (Line Drive, 8RS, EV 108.8 MPH)
Batting: LHB Spencer DeSimone 0-0: Ball
1-0: Called Strike
1-1: Bunted foul
1-2: Fielders Choice at 2nd, 3-6 (Groundball, 3, EV 84.4 MPH)
Batting: LHB Clay Newhouse 0-0: Called Strike
0-1: Foul Ball, location: 2F
0-2: Ball
1-2: Foul Ball, location: 2F
1-2: Fly out, F8 (Flyball, 8RM, EV 88.1 MPH)
Batting: LHB Trent West 0-0: Foul Ball, location: 2F
0-1: Ball
Spencer DeSimone steals 2nd base
1-1: Swinging Strike
1-2: Strikes out swinging
Bottom of the 7th over - 0 runs, 1 hit, 0 errors, 1 left on base; Indianapolis 1 - Carolina 3
TOP OF THE 8TH
Indianapolis Clowns batting - Pitching for Carolina Tobs : RHP Charlie Spence
Batting: RHB Centarius Lara 0-0: Called Strike
0-1: Swinging Strike
0-2: Ball
1-2: Ball
2-2: Ball
3-2: Strikes out swinging
Pitching: RHP Dalton Blair
Batting: RHB Mick Ubaya 0-0: Ball
1-0: Ball
2-0: SINGLE (Line Drive, 8LS, EV 92.5 MPH)
Batting: LHB Elias Owen 0-0: Swinging Strike
0-1: Ball
1-1: Swinging Strike
1-2: Ball
2-2: Ball
3-2: Foul Ball, location: 2F
3-2: Strikes out swinging
Batting: RHB Tom Holderness 0-0: TRIPLE (Line Drive, 7LD, EV 111.9 MPH)
Mick Ubaya scores
Batting: RHB Sean Barrett 0-0: Foul Ball, location: 2F
0-1: Ball
1-1: Foul Ball, location: 2F
1-2: Strikes out looking
Top of the 8th over - 1 run, 2 hits, 0 errors, 1 left on base; Indianapolis 2 - Carolina 3
BOTTOM OF THE 8TH
Carolina Tobs batting - Pitching for Indianapolis Clowns : RHP Kristofer Humberto
Batting: LHB Kyle Siebert 0-0: Ball
1-0: Called Strike
1-1: Swinging Strike
1-2: Strikes out swinging
Batting: RHB Marcus Fahr 0-0: Called Strike
0-1: Foul Ball, location: 2F
0-2: Ball
1-2: Ball
2-2: DOUBLE (Line Drive, 89M, EV 95.0 MPH)
Pitching: LHP Denver Benson
Batting: RHB Rykeem Potts 0-0: Ball
1-0: Foul Ball, location: 2F
1-1: Swinging Strike
1-2: Foul Ball, location: 2F
1-2: Ball
2-2: DOUBLE (Flyball, 8RXD, EV 97.5 MPH)
Marcus Fahr scores
Batting: RHB Johnathan Shillito 0-0: Intentional Walk
Batting: LHB L.G. Clia 0-0: Called Strike
0-1: Ball
1-1: Ball
2-1: Swinging Strike
2-2: Ball
3-2: Foul Ball, location: 2F
3-2: Base on Balls
Rykeem Potts to third
Johnathan Shillito to second
Batting: SHB JaQawn Schiegl 0-0: GRAND SLAM HOME RUN (Line Drive, 78XD, EV 106.9 MPH), Distance : 413 ft
Pitching: RHP Cooper Welsh
Batting: LHB Spencer DeSimone 0-0: Ball
1-0: Ball
2-0: Ball
3-0: Called Strike
3-1: Foul Ball, location: 2F
3-2: Base on Balls
Batting: LHB Clay Newhouse 0-0: Ball
1-0: Called Strike
1-1: Called Strike
1-2: Foul Ball, location: 2F
1-2: Ball
2-2: Strikes out swinging
Batting: LHB Trent West 0-0: Called Strike
0-1: Called Strike
Spencer DeSimone steals 2nd base
0-2: Foul Ball, location: 2F
0-2: Ball
1-2: Ball
2-2: Strikes out looking
Bottom of the 8th over - 5 runs, 3 hits, 0 errors, 1 left on base; Indianapolis 2 - Carolina 8
TOP OF THE 9TH
Indianapolis Clowns batting - Pitching for Carolina Tobs : RHP Dalton Blair
Batting: RHB Bryant Francis 0-0: Foul Ball, location: 2F
0-1: Foul Ball, location: 2F
0-2: Strikes out swinging
Batting: LHB Sean Hayward 0-0: Ball
1-0: Ball
2-0: Ball
3-0: Base on Balls
Batting: RHB Jett Speer 0-0: Ball
1-0: Called Strike
1-1: Called Strike
1-2: Strikes out swinging
Batting: RHB Blaise McFarland 0-0: Called Strike
0-1: Ball
1-1: Ground out 5-3 (Groundball, 56S, EV 83.8 MPH)
Top of the 9th over - 0 runs, 0 hits, 0 errors, 1 left on base; Indianapolis 2 - Carolina 8
Friday, March 29th , 2024 - OOTP Baseball 23.10 Build 110